 Dungeon Crawl Stone Soup version 0.23.1-37-gaa34b87 (webtiles) character file.

Game seed: 4665080308812310105

14700 vishdafish the Prestidigitator (level 12, -3/80 HPs)
             Began as an Octopode Assassin on Mar 20, 2019.
             Was a Believer of Ashenzari.
             Slain by an orc warrior
             ... wielding a +0 trident
              (24 damage)
             ... on level 1 of the Orcish Mines.
             The game lasted 00:30:38 (15432 turns).

vishdafish the Prestidigitator (Octopode Assassin) Turns: 15432, Time: 00:30:38

Health: -3/80      AC:  1    Str: 18    XL:     12   Next: 19%
Magic:  20/20      EV: 18    Int: 14    God:    Ashenzari [**....]
Gold:   298        SH:  0    Dex: 13    Spells: 11/11 levels left

rFire    . . .     SeeInvis +   I - +2 war axe (drain)
rCold    + . .     Gourm    +   (no shield)
rNeg     . . .     Faith    .   (helmet restricted)
rPois    +         Spirit   .   l - amulet of the gourmand
rElec    .         Reflect  .   s - ring of stealth
rCorr    .         Harm     .   t - ring of see invisible (curse)
MR       .....                  C - ring of protection from cold
Stlth    +++++.....             y - ring of poison resistance (curse)
HPRegen  0.23/turn              H - +3 ring of strength
MPRegen  0.17/turn              (no ring)
                                (no ring)
                                (no ring)

@: no status effects
A: almost no armour, stealthy swim, amphibious, 8 rings, constrict 8, camouflage
1, gelatinous body 1
a: Curse Item, Scrying, Renounce Religion


You were on level 1 of the Orcish Mines.
You worshipped Ashenzari.
Ashenzari was pleased with you.
You were hungry.

You visited 3 branches of the dungeon, and saw 13 of its levels.
You also visited: Sewer.

You collected 605 gold pieces.
You spent 307 gold pieces at shops.

Inventory:

Hand Weapons
 a - a +2 dagger
 b - a +0 blowgun
 d - a +2 hand axe of holy wrath
 j - a +2 short sword of draining
 F - a +2 war axe of chopping
 I - a +2 war axe of draining (weapon)
Missiles
 c - 35 poisoned needles
 k - a curare-tipped needle
 p - 15 tomahawks
 q - 4 javelins (quivered)
 r - 5 poisoned tomahawks
Jewellery
 l - an amulet of the gourmand (around mantle)
 s - a ring of stealth (left tentacle)
 t - a cursed ring of see invisible (right tentacle)
 y - a cursed ring of poison resistance (on tentacle)
 C - a ring of protection from cold (on tentacle)
 H - a +3 ring of strength (on tentacle)
Wands
 v - a wand of digging (3)
 B - a wand of iceblast (7)
 G - a wand of polymorph (6)
 S - a wand of flame (28)
Scrolls
 g - a scroll of random uselessness
 h - 9 scrolls of teleportation
 o - a scroll of remove curse
 u - 3 scrolls of amnesia
 x - 3 scrolls of enchant weapon
 E - a scroll of summoning {unknown}
 K - a scroll of magic mapping {unknown}
 L - a scroll of fog {unknown}
 O - a scroll of fear {unknown}
 P - 2 scrolls of enchant armour
Potions
 e - 3 potions of curing
 i - 2 potions of flight
 m - a potion of magic {unknown}
 n - 3 potions of haste
 w - 2 potions of heal wounds
 z - 2 potions of agility
 A - a potion of might
 D - 2 potions of brilliance {unknown}
 M - a potion of cancellation {unknown}
 N - a potion of mutation {unknown}
 Q - 2 potions of degeneration {unknown}
Comestibles
 f - 17 rations


   Skills:
 - Level 6.6 Fighting
 - Level 2.0 Short Blades
 - Level 11.0 Axes
 - Level 6.0 Throwing
 - Level 8.4 Dodging
 - Level 5.3 Stealth
 * Level 11.6 Evocations


You had 11 spell levels left.
You didn't know any spells.
Your spell library contained the following spells:

 Spells                   Type           Power        Failure   Level  Hunger
 Bolt of Magma            Conj/Fire/Erth #.........   100%        5    ######.
 Iskenderun's Battlesphe  Conj/Chrm      #.......     100%        5    ######.
 Venom Bolt               Conj/Pois      #.........   100%        5    ######.
 Iron Shot                Conj/Erth      #.........   100%        6    #######
 Orb of Destruction       Conj           #.........   100%        7    #######
 Spellforged Servitor     Conj/Summ      #.........   100%        7    #######


Dungeon Overview and Level Annotations

Branches:
Dungeon (11/15)            Temple (0/1) D:7            Lair (1/6) D:10
    Orc (1/2) D:9

Altars:
Ashenzari
Dithmenos
Makhleb
Okawaru
Qazlal
Ru
Yredelemnul

Shops:
D:8 *(


Innate Abilities, Weirdness & Mutations

You cannot wear most types of armour.
You are very stealthy in the water. (Stealth+)
You are amphibious.
You can wear up to eight rings at the same time.
You can use your tentacles to constrict eight enemies at once.
Your skin changes colour to match your surroundings (Stealth+).
Your rubbery body absorbs attacks. (AC +1, EV +1)


Message History

You start resting.
You feel a little less mighty now.
You start resting.
You are feeling hungry.
You start resting.
You climb downwards.
Welcome back to the Orcish Mines!
The orc priest mumbles some strange prayers to Beogh against you.
Beogh smites you!
An orc warrior comes into view. It is wielding a +0 halberd.
The orc misses you.
The orc sorcerer gestures at you while chanting.
The bolt of fire hits you!!
The orc priest invokes the aid of Beogh against you.
Beogh smites you!
* * * LOW HITPOINT WARNING * * *
There is a staircase back to the Dungeon, spattered with blood here.
The orc barely misses you.
The orc throws a tomahawk.
The tomahawk misses you.
The tomahawk completely misses the orc warrior.
The orc warrior hits you from afar with a +0 trident!!
You die...

, * *
........##.#.
... ....... *
....>o... *
,,.......# **
* ,, (#..(.#
* ,
##..(..### ,
#...^....# *
#..@o...#
##....$^# ,
#o..#.## ,
o.o..# # * *,
.o.o.. *
((..o###
o(.....
.o.(.... * *
*


You could see an orc sorcerer, 2 orc warriors, 2 orc priests, an orc wizard and
3 orcs.

Vanquished Creatures
  A hydra (D:11)
  Pikel (D:9)
  A manticore (D:11)
  2 orc knights (D:9)
  A cyclops (D:11)
  An orc sorcerer (D:9)
  A centaur zombie (D:10)
  An elephant (D:10)
  5 trolls
  4 hippogriffs
  A spriggan (D:8)
  3 wyverns
  10 yaks
  A basilisk (D:10)
  2 hungry ghosts
  2 water moccasins (D:10)
  A porcupine (Lair:1)
  3 black bears
  11 orc warriors
  A slave (D:9)
  An ice beast (D:10)
  2 sky beasts
  Purgy (Sewer)
  An eye of draining (D:9)
  10 ogres
  2 phantoms
  A necrophage (D:6)
  5 centaurs
  2 crocodiles (D:10)
  2 big kobolds
  8 bullfrogs
  A scorpion (D:9)
  5 killer bees (D:9)
  4 electric eels (D:9)
  2 howler monkeys
  6 crimson imps
  2 jellies
  Crazy Yiuf (D:4)
  2 centaur skeletons (D:5)
  A bullfrog skeleton (D:9)
  2 bullfrog zombies
  12 orc priests
  5 hounds
  14 orc wizards
  Terence (D:2)
  2 iguanas (D:8)
  8 worker ants
  A hound zombie (D:7)
  2 hound skeletons
  3 gnolls (D:5)
  10 adders
  5 shadow imps
  3 oozes
  3 adder zombies
  An adder skeleton (D:4)
  3 worms
  2 dart slugs (D:1)
  A leopard gecko (D:1)
  51 orcs
  A ball python (D:5)
  11 giant cockroaches
  4 goblins
  4 hobgoblins
  2 jackals (Sewer)
  3 quokkas
  4 bats
  4 frilled lizards
  12 kobolds
  A leopard gecko skeleton (D:4)
  A quokka skeleton (D:4)
  4 rats
  A spectral orc (D:8)
293 creatures vanquished.

Vanquished Creatures (others)
  A slave (D:9)
  A howler monkey (D:9)
  An orc wizard (D:8)
3 creatures vanquished.

Grand Total: 296 creatures vanquished

Notes
Turn   | Place    | Note
-------+----------+-------------------------------------------
     0 | D:1      | vishdafish the Octopode Assassin began the quest for the
                  | Orb.
     0 | D:1      | Reached XP level 1. HP: 14/14 MP: 1/1
   317 | D:1      | Reached XP level 2. HP: 19/20 MP: 2/2
   679 | D:1      | Reached XP level 3. HP: 25/25 MP: 3/3
  1125 | D:2      | Noticed Terence
  1165 | D:2      | Killed Terence
  1165 | D:2      | Reached XP level 4. HP: 10/31 MP: 4/4
  1569 | D:2      | Found a sacrificial altar of Ru.
  1742 | D:3      | Found a shattered altar of Ashenzari.
  2079 | D:3      | Reached skill level 1 in Axes
  2319 | D:4      | Reached XP level 5. HP: 33/36 MP: 5/5
  2336 | D:3      | Became a worshipper of Ashenzari the Shackled
  2360 | D:4      | Noticed an ogre
  2369 | D:4      | Killed an ogre
  2435 | D:4      | Noticed a sky beast
  2451 | D:4      | Killed a sky beast
  2451 | D:4      | Reached XP level 6. HP: 28/42 MP: 6/6
  2580 | D:4      | Reached XP level 7. HP: 15/46 MP: 7/7
  2778 | D:4      | Reached skill level 5 in Axes
  3082 | D:4      | Reached skill level 5 in Dodging
  3179 | D:4      | Found a runed translucent door.
  3180 | D:4      | Noticed Crazy Yiuf
  3408 | D:4      | Killed Crazy Yiuf
  3463 | D:5      | Entered Level 5 of the Dungeon
  3463 | D:5      | Found a burning altar of Makhleb.
  3485 | D:5      | Reached XP level 8. HP: 37/52 MP: 8/8
  3879 | D:5      | Found a glowing drain.
  3891 | Sewer    | Entered a sewer
  4158 | Sewer    | Noticed Purgy
  4166 | Sewer    | Killed Purgy
  4610 | D:5      | Reached * piety under Ashenzari
  5291 | D:6      | Reached XP level 9. HP: 38/57 MP: 9/9
  6535 | D:7      | Found a staircase to the Ecumenical Temple.
  6889 | D:8      | Reached skill level 10 in Axes
  6944 | D:8      | Found Ipsuammi's Antique Weapon Emporium.
  6976 | D:8      | Bought a runed war axe for 175 gold pieces
  7411 | D:8      | Found a stormy altar of Qazlal.
  7541 | D:8      | Found a shadowy altar of Dithmenos.
  7577 | D:8      | Reached XP level 10. HP: 63/63 MP: 10/10
  7709 | D:8      | Found Tiblu's General Store.
  7719 | D:8      | Bought a potion of curing for 36 gold pieces
  7719 | D:8      | Bought 2 potions of might for 96 gold pieces
  7762 | D:8      | Found a basalt altar of Yredelemnul.
  7925 | D:9      | Found an iron altar of Okawaru.
  7961 | D:9      | Noticed Pikel
  7975 | D:9      | Killed Pikel
  7977 | D:9      | HP: 2/63 [ogre/+0 giant club (27)]
  9303 | D:9      | Reached skill level 5 in Fighting
  9480 | D:9      | Found a staircase to the Orcish Mines.
  9864 | D:9      | Reached skill level 5 in Throwing
 10108 | D:10     | Entered Level 10 of the Dungeon
 10865 | D:10     | Reached ** piety under Ashenzari
 11172 | D:10     | Reached XP level 11. HP: 29/74 MP: 10/12
 11478 | D:10     | Found a staircase to the Lair.
 11541 | D:10     | Reached skill level 5 in Evocations
 12105 | D:11     | HP: 2/74 [adder (2)]
 12451 | D:11     | Noticed a manticore
 12465 | D:11     | Killed a manticore
 12505 | D:11     | Noticed a cyclops
 12517 | D:11     | Killed a cyclops
 12628 | D:11     | Noticed a five-headed hydra
 12642 | D:11     | Killed a five-headed hydra
 13171 | D:11     | Reached skill level 10 in Evocations
 13666 | Lair:1   | Entered Level 1 of the Lair of Beasts
 13666 | Lair:1   | Noticed a seven-headed hydra
 13849 | Orc:1    | Entered Level 1 of the Orcish Mines
 13849 | Orc:1    | Noticed an orc sorcerer
 13854 | Orc:1    | Noticed an orc knight
 13855 | Orc:1    | Noticed an orc sorcerer
 13857 | Orc:1    | Noticed a sixfirhy
 13860 | D:9      | Killed an orc sorcerer
 13933 | D:9      | Reached XP level 12. HP: 22/80 MP: 19/19
 15432 | Orc:1    | Slain by an orc warrior

Skill      XL: |  1  2  3  4  5  6  7  8  9 10 11 12 |
---------------+-------------------------------------+-----
Dodging        | 2 3 4 5 6 8 |  8.4
Fighting       | 3 6 |  6.6
Axes           | 1 3 4 6 8 10 11 | 11.0
Throwing       | 6 |  6.0
Evocations     | 2 10 11 | 11.6
Short Blades   | |  2.0
Stealth        | |  5.3

Action                   |  1- 3 |  4- 6 |  7- 9 | 10-12 || total
-------------------------+-------+-------+-------+-------++-------
Melee: Dagger            |    45 |       |       |       ||    45
       Tentacles         |     9 |     9 |    69 |    74 ||   161
       Constrict         |     7 |    11 |    59 |    49 ||   126
       Short sword       |     9 |    53 |   235 |       ||   297
       War axe           |       |       |    55 |   332 ||   387
 Fire: Blowgun           |     7 |     4 |    13 |       ||    24
Throw: Tomahawk          |       |    10 |    15 |    16 ||    41
       Javelin           |       |       |    14 |    46 ||    60
Invok: Curse Item        |       |       |       |     2 ||     2
Evoke: Wand              |       |       |       |    22 ||    22
  Use: Scroll            |       |       |    11 |     3 ||    14
       Potion            |       |       |     3 |     7 ||    10
 Stab: Sleeping          |     8 |     5 |    18 |    10 ||    41
       Distracted        |       |       |       |     1 ||     1
       Paralysed         |       |       |       |    18 ||    18
  Eat: Chunk             |       |     5 |    13 |    12 ||    30
       Ration            |       |       |     1 |     4 ||     5
Armor: Skin              |     4 |       |     8 |     7 ||    19
Dodge: Dodged            |    22 |    24 |   201 |   335 ||   582
